 Dungeon Crawl Stone Soup version 0.18-a0-964-g5edc98f (webtiles) character file.

58851 TheOrbIsALie the Black Belt (level 14, -8/110 HPs)
             Began as a Demonspawn Gladiator on Dec 31, 2015.
             Was a High Priest of Okawaru.
             Killed from afar by an orc sorcerer (36 damage)
             ... with a bolt of fire
             ... on level 2 of the Orcish Mines.
             The game lasted 01:07:08 (18775 turns).

TheOrbIsALie the Black Belt (Demonspawn Gladiator) Turns: 18775, Time: 01:07:08

Health: -8/110     AC: 28    Str: 19    XL:     14   Next: 51%
Magic:  13/15      EV: 15    Int: 12    God:    Okawaru [*****.]
Gold:   1585       SH:  0    Dex: 21    Spells: 0 memorised, 13 levels left

rFire  . . .     SeeInvis .       - Unarmed
rCold  + . .     Gourm    +     a - +1 crystal plate armour
rNeg   . . .     Faith    .     (no shield)
rPois  .         Spirit   .     T - +2 hat
rElec  .         Dismiss  .     (no cloak)
rCorr  .         Reflect  .     (no gloves)
SustAt .         Harm     .     t - +1 pair of boots
MR     +....                    I - amulet of the gourmand
Stlth  ..........               (no ring)
                                d - +3 ring of strength

@: agile, exhausted, heroism, corroded equipment, very slightly contaminated,
slowed, very slow, somewhat resistant to hostile enchantments, extremely
unstealthy
A: claws 2, icy blue scales 3, powered by pain 1, spiny 1, augmentation 1
a: Heroism, Finesse, Renounce Religion


You were on level 2 of the Orcish Mines.
You worshipped Okawaru.
Okawaru was extremely pleased with you.
You were not hungry.

You visited 4 branches of the dungeon, and saw 22 of its levels.
You also visited: Labyrinth, Ossuary and Volcano.

You collected 1617 gold pieces.
You spent 32 gold pieces at shops.

Inventory:

Hand Weapons
 R - a +2 blowgun of evasion
Missiles
 O - 8 curare-tipped needles
Armour
 a - a +1 crystal plate armour (worn)
 g - a +3 leather armour of positive energy
 t - a +1 pair of boots (worn)
 y - a +2 scale mail of fire resistance
 T - a +2 hat (worn)
Jewellery
 d - a +3 ring of strength (left claw)
 s - an uncursed ring of sustain attributes
 I - an amulet of the gourmand (around neck)
 M - an uncursed ring of wizardry
Wands
 c - a wand of teleportation (2/9)
 n - a wand of fireball (6/15)
 u - a wand of disintegration (17/24)
 x - a wand of digging (21/24)
 Q - a wand of hasting (4/9)
 V - a wand of fire (9/15)
 W - a wand of draining (11/15)
 X - a wand of disintegration (4/24)
 Z - a wand of teleportation (5/9)
Scrolls
 e - a scroll of blinking
 i - 17 scrolls of remove curse
 k - 5 scrolls of recharging
 l - 13 scrolls of identify
 r - a scroll of silence
 w - 4 scrolls of fear
 z - 3 scrolls of noise {unknown}
 C - 6 scrolls of teleportation
 D - 3 scrolls of fog
 E - a scroll of magic mapping
 G - 2 scrolls of enchant armour
 S - 2 scrolls of enchant weapon
Potions
 b - 2 potions of brilliance
 o - 2 potions of curing
 p - a potion of ambrosia {unknown}
 F - 2 potions of agility
 H - a potion of heal wounds {unknown}
 K - 3 potions of haste
 L - 2 potions of resistance
 N - 2 potions of magic
 P - a potion of flight {unknown}
 U - 2 potions of cure mutation {unknown}
Books
 A - a book of Enchantments

   Spells                             Type                      Level
   a - Cause Fear                     Hexes                        4
   b - Yara's Violent Unravelling     Hexes/Transmutation          5
   c - Silence                        Hexes/Air                    5
   d - Deflect Missiles               Charms/Air                   6
   e - Haste                          Charms                       6
   f - Discord                        Hexes                        8
 B - a book of the Sky

   Spells                             Type                      Level
   a - Summon Lightning Spire         Summoning/Air                4
   b - Airstrike                      Air                          4
   c - Silence                        Hexes/Air                    5
   d - Deflect Missiles               Charms/Air                   6
   e - Conjure Ball Lightning         Conjuration/Air              6
   f - Tornado                        Air                          9
 Y - a book of Hinderance

   Spells                             Type                      Level
   a - Confusing Touch                Hexes                        2
   b - Confuse                        Hexes                        3
   c - Gell's Gravitas                Hexes/Translocation          3
   d - Petrify                        Transmutation/Earth          4
   e - Metabolic Englaciation         Hexes/Ice                    5
   f - Yara's Violent Unravelling     Hexes/Transmutation          5
Comestibles
 f - 13 bread rations
 h - 3 slices of pizza
 j - 9 meat rations
 v - 2 royal jellies
 J - 18 fruits


   Skills:
 - Level 10.1(15.1) Fighting
   Level 3.0(8.0) Maces & Flails
 - Level 1.7(6.7) Throwing
 + Level 9.6(14.6) Armour
 - Level 8.0(13.0) Dodging
 - Level 17.2(22.2) Unarmed Combat
 - Level 2.1 Invocations


You had 13 spell levels left.
You didn't know any spells.

Dungeon Overview and Level Annotations

Branches:
Dungeon (11/15)            Temple (1/1) D:6            Lair (8/8) D:11
  Swamp (0/4) Lair:3       Spider (0/4) Lair:5        Slime (0/6) Lair:8
    Orc (2/2) D:9
    Elf: Orc:2

Altars:
Ashenzari
Dithmenos
Elyvilon
Fedhas
Gozag
Kikubaaqudgha
Makhleb
Nemelex Xobeh
Okawaru
Pakellas
Qazlal
Ru
Sif Muna
Trog
Vehumet
Xom
Yredelemnul
Zin
The Shining One
Jiyva

Shops:
D:7 =   Orc:1 ?   Orc:2 (

Annotations:
Lair:7 exclusion: oklob plant
Orc:2 Sonja


Innate Abilities, Weirdness & Mutations

You have very sharp fingernails.
You are completely covered in icy blue scales (AC +4, EV -1, rC+).
You sometimes gain a little power by taking damage.
You are partially covered in sharp spines.
Your magical and physical power is slightly enhanced at high health.


Message History

The ynoxinul is struck by your spines. The ynoxinul hits you.
The orc sorcerer hits you but does no damage.
You closely miss the orc sorcerer.
The orc sorcerer is moderately wounded.
The ufetubus is struck by your spines.
The ufetubus hits you but does no damage.
The ufetubus barely misses you. The ynoxinul is struck by your spines.
The ynoxinul barely misses you. The orc sorcerer barely misses you.
The rust devil hits you. The rust devil corrodes you!
You gain the combat prowess of a mighty hero.
You feel slightly more hungry.
The rust devil disappears in a puff of smoke!
The ufetubus is struck by your spines. The ufetubus misses you.
The ufetubus hits you but does no damage.
The ynoxinul gestures at you. The iron shot hits you!
* * * LOW HITPOINT WARNING * * *
The orc sorcerer points at you and mumbles some strange words.
The bolt of fire hits you!
You die...

##......#.. #.......#..
#...#.....P ##
##.......Po ##.
#........P. #.. ###
##......... ##.. ##.##
#..........
#...##o..###).........
#.55@#...#(#.....#...
##o534o..))..........#
#...#o.#..............
#...#.#555.#.............
##...##.K...#............
##........#(..........##
#..$...................
.......................
.#.......ยง..............


You could see a rust devil, a ynoxinul, 2 orc sorcerers, Sonja, 2 orc warriors
and 6 ufetubi.

Vanquished Creatures
  Gastronok (D:9)
  An azure jelly (Lair:8)
  Donald (Orc:2)
  An orc warlord (Orc:2)
  A dire elephant (Lair:8)
  A minotaur (Lab)
  2 hydras
  A catoblepas (Lair:8)
  A deep troll shaman (Lair:8)
  Erica (D:8)
  6 death yaks (Lair:8)
  A swamp dragon (Lair:3)
  A lindwurm (Volcano)
  A hill giant (D:10)
  3 orc sorcerers (Orc:2)
  A wolf spider (Lair:5)
  3 griffons
  2 orc knights (Orc:2)
  A toenail golem (Volcano)
  Maurice (D:8)
  14 elephants
  7 black mambas
  Joseph (D:8)
  13 spiny frogs
  3 gargoyles (Volcano)
  9 komodo dragons
  2 fire drakes
  2 trolls
  A polar bear (Lair:4)
  Grinder (D:4)
  4 boulder beetles
  34 blink frogs
  A wyvern (D:11)
  Sigmund (D:4)
  A basilisk (Lair:7)
  Eustachio (D:4)
  8 hippogriffs
  A hungry ghost (D:10)
  12 yaks
  6 wolves (Lair:8)
  9 porcupines
  28 water moccasins
  5 ice beasts
  9 orc warriors
  4 phantoms
  3 black bears
  2 sky beasts
  A centaur (D:6)
  5 necrophages
  6 ogres
  13 crocodiles
  A big kobold (D:8)
  9 giant frogs
  A gnoll sergeant (D:10)
  2 scorpions
  8 killer bees (D:11)
  15 wights
  4 electric eels
  2 crimson imps (D:5)
  2 centaur zombies
  2 giant frog zombies
  7 hounds
  12 orc priests
  2 jellies
  2 quasits (D:8)
  11 orc wizards
  9 iguanas
  8 worker ants
  9 sheep
  A hound zombie (D:5)
  3 mummies (Ossuary)
  A worker ant zombie (D:9)
  15 gnolls
  26 adders
  49 river rats
  A shadow imp (D:7)
  An ooze (D:1)
  An adder skeleton (D:4)
  An adder zombie (Ossuary)
  5 worms
  8 giant geckos
  50 orcs
  9 giant cockroaches
  12 goblins
  7 hobgoblins
  12 jackals
  16 kobolds
  A quokka (D:7)
  A ball python (D:2)
  7 bats
  12 giant newts
  A gnoll zombie (Ossuary)
  2 goblin zombies (Ossuary)
  2 hobgoblin zombies (Ossuary)
  2 jackal skeletons
  5 kobold zombies (Ossuary)
  An orc zombie (Ossuary)
  4 quokka zombies (Ossuary)
  14 rats
  2 rat zombies (Ossuary)
  A spectral orc (D:5)
  A fungus (Lair:7)
618 creatures vanquished.

Vanquished Creatures (others)
  A spiny frog (Lair:7)
  A jackal (D:8)
  9 fungi
  2 plants (Lair:8)
13 creatures vanquished.

Grand Total: 631 creatures vanquished

Notes
Turn   | Place    | Note
--------------------------------------------------------------
     0 | D:1      | TheOrbIsALie the Demonspawn Gladiator began the quest for the Orb.
     0 | D:1      | Reached XP level 1. HP: 16/16 MP: 1/1
    54 | D:1      | Reached skill level 3 in Maces & Flails
    55 | D:1      | Gained mutation: You have sharp fingernails. [demonic ancestry]
    55 | D:1      | Reached XP level 2. HP: 17/22 MP: 2/2
   193 | D:1      | Reached skill level 1 in Unarmed Combat
   423 | D:1      | Gained mutation: You are partially covered in icy blue scales (AC +1). [demonic ancestry]
   423 | D:1      | Reached XP level 3. HP: 27/27 MP: 3/3
  1145 | D:2      | Reached XP level 4. HP: 33/33 MP: 4/4
  2015 | D:3      | Found a blossoming altar of Fedhas.
  2459 | D:3      | Gained mutation: You are partially covered in sharp spines. [demonic ancestry]
  2459 | D:3      | Reached XP level 5. HP: 11/38 MP: 5/5
  2729 | D:3      | Reached skill level 4 in Unarmed Combat
  2923 | D:4      | Noticed Grinder
  2923 | D:4      | Paralysed by Grinder for 6 turns
  2943 | D:4      | Killed Grinder
  2943 | D:4      | Reached skill level 5 in Unarmed Combat
  2943 | D:4      | Gained mutation: You have very sharp fingernails. [demonic ancestry]
  2943 | D:4      | Reached XP level 6. HP: 27/44 MP: 6/6
  3209 | D:4      | Reached skill level 6 in Unarmed Combat
  3676 | D:4      | Noticed Eustachio
  3705 | D:4      | Killed Eustachio
  3705 | D:4      | Gained mutation: You are mostly covered in icy blue scales (AC +3, EV -1). [demonic ancestry]
  3705 | D:4      | Reached XP level 7. HP: 46/50 MP: 7/7
  3980 | D:4      | Noticed Sigmund
  3987 | D:4      | Killed Sigmund
  3987 | D:4      | Reached skill level 7 in Unarmed Combat
  4172 | D:5      | Entered Level 5 of the Dungeon
  4376 | D:5      | Reached skill level 8 in Unarmed Combat
  4376 | D:5      | Gained mutation: You are completely covered in icy blue scales (AC +4, EV -1, rC+). [demonic ancestry]
  4376 | D:5      | Reached XP level 8. HP: 56/56 MP: 8/8
  4658 | D:5      | Found a basalt altar of Yredelemnul.
  4836 | D:5      | Reached skill level 9 in Unarmed Combat
  5245 | D:6      | Reached skill level 10 in Unarmed Combat
  5468 | D:6      | Found a staircase to the Ecumenical Temple.
  5477 | Temple   | Entered the Ecumenical Temple
  5522 | Temple   | Became a worshipper of Warmaster Okawaru
  5734 | D:7      | Reached XP level 9. HP: 59/65 MP: 9/9
  6075 | D:7      | Reached skill level 5 in Fighting
  6107 | D:7      | Found Qugg's Jewellery Shoppe.
  6119 | D:7      | Bought a cursed amulet of inaccuracy for 32 gold pieces
  6433 | D:7      | Found an iron altar of Okawaru.
  6534 | D:8      | Noticed Erica
  6555 | D:8      | Killed Erica
  6555 | D:8      | Reached * piety under Okawaru
  6595 | D:8      | Noticed Joseph
  6626 | D:8      | Killed Joseph
  6647 | D:8      | Found a sand-covered staircase.
  6650 | D:8      | Noticed Maurice
  6653 | Ossuary  | Entered an ossuary
  7057 | D:8      | Killed Maurice
  7057 | D:8      | Reached ** piety under Okawaru
  7057 | D:8      | Reached XP level 10. HP: 50/83 MP: 7/10
  7416 | D:9      | Reached skill level 10 in Fighting
  7436 | D:9      | Noticed Gastronok
  7523 | D:9      | Reached skill level 1 in Invocations
  7594 | D:9      | Found a glowing silver altar of Zin.
  7600 | D:9      | Found a sparkling altar of Nemelex Xobeh.
  7623 | D:9      | Found a staircase to the Orcish Mines.
  7891 | D:9      | Killed Gastronok
  7891 | D:9      | Reached *** piety under Okawaru
  8020 | D:10     | Entered Level 10 of the Dungeon
  8142 | D:10     | Reached **** piety under Okawaru
  8164 | D:10     | Noticed a hill giant
  8173 | D:10     | Killed a hill giant
  8335 | D:10     | Reached XP level 11. HP: 75/90 MP: 12/12
  8780 | D:11     | Received a gift from Okawaru
  9093 | D:11     | Found a staircase to the Lair.
  9137 | Lair:1   | Entered Level 1 of the Lair of Beasts
  9163 | Lair:1   | Reached skill level 11 in Unarmed Combat
 10023 | Lair:2   | Reached skill level 12 in Unarmed Combat
 10662 | Lair:2   | Noticed a seven-headed hydra
 10675 | Lair:2   | Killed a seven-headed hydra
 10675 | Lair:2   | Reached ***** piety under Okawaru
 10851 | Lair:2   | Reached skill level 13 in Unarmed Combat
 10937 | Lair:3   | Gained mutation: You sometimes gain a little power by taking damage. [demonic ancestry]
 10937 | Lair:3   | Reached XP level 12. HP: 82/97 MP: 13/13
 11174 | Lair:3   | Found a staircase to the Swamp.
 11816 | Lair:4   | Found a labyrinth entrance.
 11824 | Lab      | Entered a labyrinth
 12131 | Lab      | Noticed a minotaur
 12139 | Lab      | Killed a minotaur
 12139 | Lab      | Received a gift from Okawaru
 12142 | Lab      | Got a smoking hunting sling {god gift}
 12217 | Lair:4   | Reached skill level 14 in Unarmed Combat
 13394 | Lair:5   | Reached skill level 15 in Unarmed Combat
 13590 | Lair:5   | Noticed a four-headed hydra
 13597 | Lair:5   | Killed a four-headed hydra
 13597 | Lair:5   | Received a gift from Okawaru
 13598 | Lair:5   | Got a faintly humming shield {god gift}
 13610 | Lair:5   | Identified the -4 shield of Hedonism {Str+3} (Okawaru gifted it to you on level 5 of the Lair of Beasts)
 13911 | Lair:5   | Reached XP level 13. HP: 74/103 MP: 14/14
 14054 | Lair:5   | Found a hole to the Spider Nest.
 14461 | Lair:6   | Reached skill level 16 in Unarmed Combat
 15624 | Lair:7   | Found a dark tunnel.
 15634 | Volcano  | Entered a volcano
 15648 | Volcano  | Reached skill level 17 in Unarmed Combat
 16339 | Lair:7   | Reached skill level 1 in Armour
 16520 | Lair:8   | Entered Level 8 of the Lair of Beasts
 16570 | Lair:8   | Found a viscous altar of Jiyva.
 16571 | Lair:8   | Found a staircase to the Slime Pits.
 16703 | Lair:8   | Received a gift from Okawaru
 17002 | Lair:8   | Noticed an azure jelly
 17112 | Lair:8   | Killed an azure jelly
 17112 | Lair:8   | Reached skill level 5 in Armour
 17371 | Lair:8   | Gained mutation: Your magical and physical power is slightly enhanced at high health. [demonic ancestry]
 17371 | Lair:8   | Reached XP level 14. HP: 97/110 MP: 12/15
 17388 | Lair:8   | Received a gift from Okawaru
 18396 | Orc:1    | Entered Level 1 of the Orcish Mines
 18514 | Orc:1    | Found Unuhayde's Magic Scroll Shop.
 18608 | Orc:2    | Entered Level 2 of the Orcish Mines
 18608 | Orc:2    | Noticed Donald
 18614 | Orc:2    | Found Maibalat's Antique Weapon Boutique.
 18625 | Orc:2    | Killed Donald
 18694 | Orc:2    | Noticed an orc warlord
 18740 | Orc:2    | Killed an orc warlord
 18753 | Orc:2    | Noticed Sonja
 18775 | Orc:2    | Killed from afar by an orc sorcerer

Vault maps used:
D:1:      dpeg_arrival_tiny_k
D:2:      minmay_misc_feat_nine_boxes
D:3:      lemuel_crystal_altar, st_stairs_10
D:4:      first_bread, uniq_crazy_yiuf_cottage, uniq_grinder, uniq_sigmund,
          uniq_eustachio
D:5:      yredelemnul_forgotten_temple_becter, minmay_crossroads
D:6:      minmay_temple_entry_grid
D:7:      serial_shops, nicolae_shop_stone, david_defended_altar_orc
D:8:      nicolae_ossuary_entry_monument, uniq_erica, uniq_maurice, uniq_joseph
D:9:      grunt_temple_overflow_open, uniq_gastronok
D:11:     lair_0_dummy, basic_altar, grunt_ogre_cave, minmay_misc_feat_tiny
Temple:   nicolae_temple_elliptical
Lair:2:   cheibrodos_lair_caveside_slide
Lair:3:   minmay_swamp_entry_reptiles
Lair:4:   lab_entry_generic, serial_bayou_lagoon_b, grunt_megastairs_3,
          lemuel_fruit_tree
Lair:5:   lemuel_reptile_caves, spider_nest_entry_funnel_web,
          roderic_carrion_pond
Lair:7:   enter_volcano_3
Lair:8:   grunt_lair_end_beastmaster, dpeg_slime_entry_enclosed_altar,
          st_stairs_13
Orc:1:    serial_shops, nicolae_shop_temple_entry_statues_fountains
Orc:2:    grunt_orc_gardens, grunt_orc_garden, grunt_orc_garden,
          grunt_orc_garden, grunt_orc_garden, serial_shops, shop, uniq_sonja,
          uniq_josephine, uniq_donald
Lab:      nicolae_lab_dead_adventurers
Ossuary:  ossuary_minmay_chase
Volcano:  volcano_aerie

Action                   |  1- 3 |  4- 6 |  7- 9 | 10-12 | 13-15 || total
-------------------------+-------+-------+-------+-------+-------++-------
Melee: Flail             |   152 |    60 |       |       |       ||   212
       Unarmed           |       |   115 |   278 |   612 |   500 ||  1505
 Fire: Blowgun           |       |       |       |     8 |       ||     8
Invok: Heroism           |       |       |     3 |    27 |    20 ||    50
Evoke: Wand              |       |       |       |     3 |    10 ||    13
  Use: Potion            |       |     2 |     4 |     2 |     5 ||    13
       Scroll            |       |       |     3 |    16 |    13 ||    32
 Stab: Sleeping          |     1 |       |     1 |     4 |     1 ||     7
       Distracted        |       |       |       |     1 |       ||     1
       Petrifying        |       |       |       |       |     3 ||     3
  Eat: Chunk             |     1 |     6 |    11 |    17 |    19 ||    54
       Pizza             |       |     1 |       |     1 |       ||     2
       Beef jerky        |       |       |       |     5 |     2 ||     7
